 Dungeon Crawl Stone Soup version 0.21-a0-584-g185da8e (webtiles) character file.

52 ninurtach the Chopper (level 3, -4/31 HPs)
             Began as a Minotaur Fighter on Dec 20, 2017.
             Slain by an orc wizard
             ... wielding a +0 dagger
              (5 damage)
             ... on level 2 of the Dungeon.
             The game lasted 00:02:30 (1364 turns).

ninurtach the Chopper (Minotaur Fighter)            Turns: 1364, Time: 00:02:31

Health: -4/31      AC:  3    Str: 20    XL:     3   Next: 60%
Magic:  2/2        EV:  8    Int:  5    God:
Gold:   99         SH:  9    Dex: 10    Spells: 2/2 levels left

rFire    . . .     SeeInvis .   a - +0 war axe
rCold    . . .     Gourm    .   c - +0 shield
rNeg     . . .     Faith    .   j - -2 ring mail (curse)
rPois    .         Spirit   .   (helmet restricted)
rElec    .         Reflect  .   (no cloak)
rCorr    .         Harm     .   (no gloves)
MR       .....                  (no boots)
Stlth    ..........             (no amulet)
HPRegen  0.10/turn              (no ring)
MPRegen  0.08/turn              (no ring)

@: lethally poisoned (-4 -> -7)
A: retaliatory headbutt, horns 2
a: no special abilities


You were on level 2 of the Dungeon.
You were hungry.

You visited 1 branch of the dungeon, and saw 2 of its levels.

You collected 99 gold pieces.

Inventory:

Hand Weapons
 a - a +0 war axe (weapon)
Armour
 b - a +0 scale mail
 c - a +0 shield (worn)
 j - a cursed -2 ring mail (worn)
 k - a +2 ring mail of fire resistance
Wands
 h - a wand of flame (19)
Potions
 e - 4 potions of heal wounds
 g - a potion of curing {unknown}
 i - a potion of agility {unknown}
Comestibles
 d - 3 chunks of flesh
 f - a ration


   Skills:
 - Level 3.6 Fighting
 + Level 4.9 Axes
 - Level 3.6 Armour
 - Level 3.6 Shields


You had 2 spell levels left.
You didn't know any spells.

Dungeon Overview and Level Annotations

Branches:
Dungeon (2/15)

Altars:


Innate Abilities, Weirdness & Mutations

You reflexively headbutt those who attack you in melee.
You have a pair of horns on your head.


Message History

You are feeling hungry.
You feel sick. You block the orc's attack.
The orc wizard hits you but does no damage.
You block the leopard gecko's attack. The adder bites you.
The orc hits you with a club.
The orc wizard gestures at you while chanting.
The puff of flame hits you!
* * * LOW HITPOINT WARNING * * *
The leopard gecko bites you.
* * * LOW HITPOINT WARNING * * *
You take 15 damage, and have 1/31 hp.
MASSIVE DAMAGE!!
Warning x2: The orc wizard might cast Slow, Confuse, Throw Flame, Throw Frost, or go Invisible!
The adder is fast and can poison!
You hit the adder. Your headbutt misses the adder.
You barely miss the orc wizard. You hit the orc but do no damage.
You closely miss the leopard gecko. The adder bites you but does no damage.
The orc wizard hits you with a dagger.
* * * LOW HITPOINT WARNING * * *
You block the leopard gecko's attack. You block the adder's attack.
The orc hits you but does no damage. The orc wizard hits you with a dagger.
You die...

...# #..<.
...#####.####...####....
.........#........##.#..
.........#...........#..
.........#...........###
.........##...#.........
.........##...#......##.
......o..#....#......#..
.....KS@.............#..
......lo...<....######..
................# #..
..###...#.......# #.. .
#...#.......# #..
#...#.......# #..
#)..#.......# #..
#...#.......# #.......#


You could see an orc wizard, an adder, an orc, a leopard gecko and a kobold.

Vanquished Creatures
  2 adders (D:2)
  An ooze (D:2)
  A dart slug (D:1)
  An orc (D:2)
  2 giant cockroaches (D:1)
  3 goblins
  5 hobgoblins
  5 kobolds
  3 bats
  4 rats
27 creatures vanquished.

Notes
Turn   | Place    | Note
-------+----------+-------------------------------------------
     0 | D:1      | ninurtach the Minotaur Fighter began the quest for the Orb.
     0 | D:1      | Reached XP level 1. HP: 19/19 MP: 0/0
   219 | D:1      | Reached skill level 3 in Axes
   421 | D:1      | Reached XP level 2. HP: 25/26 MP: 1/1
   822 | D:1      | Reached skill level 4 in Axes
   941 | D:2      | Reached XP level 3. HP: 4/31 MP: 2/2
   941 | D:2      | HP: 1/31 [adder (2)]
  1363 | D:2      | HP: 1/31 [leopard gecko (1)]
  1364 | D:2      | Slain by an orc wizard

Vault maps used:
D:1:      erik_arrival_cave_to_civilisation
D:2:      lemuel_doored_altar, nicolae_overflow_hidden_temple, uniq_jessica

Skill      XL: |  1  2 |
---------------+-------+-----
Axes           | 3 4 |  4.9
Fighting       | |  3.6
Armour         | |  3.6
Shields        | |  3.6

Action                   || total
-------------------------++-------
Melee: War axe           ||    76
       Headbutt          ||    13
  Use: Potion            ||     2
  Eat: Chunk             ||     1
Armor: Scale mail        ||    14
       Ring mail         ||    10
Dodge: Dodged            ||    19
Block: Shield            ||    40

Table legend:
 A = Spawn XP
 B = Non-spawn XP
 C = Spawn XP percentage of total XP
 D = Spawn monster count
 E = Non-spawn monster count
 F = Spawn count percentage of total count
 G = Total turns spent on level
                    A         B        C        D         E        F      G
               +---------+---------+-------+---------+---------+-------+---------
         Total |       0 |      75 |   0.0 |       0 |      27 |   0.0 |  1364
               +---------+---------+-------+---------+---------+-------+---------
           D:1 |       0 |      29 |   0.0 |       0 |      16 |   0.0 |   897
           D:2 |       0 |      46 |   0.0 |       0 |      11 |   0.0 |   467
               +---------+---------+-------+---------+---------+-------+---------
